AoeStats
← SeemsFishy

Arena

508706017Analyzed
4v4 RM · 8d ago on Sep 23, 2026· 39m 2s· 8 players
Game mode
Random Map
Map size
Large (8 player)
Population
200
Speed
Normal
Resources
Standard
Victory
Conquest
Starting age
Dark Age
Ending age
Imperial Age
RankedLock teamsTeams togetherTeam positionsShared explorationLock speedFull tech treeHidden civsTurbo modeCheats
Victory
Defeat
🇳🇱 Italians · Netherlands
1491
+11
🇧🇷 Persians · Brazil
1481
+11
🇹🇷 Sicilians · Türkiye
1452
+12
🇨🇳 Teutons · China
1265
+19
🇬🇧 Saxons · United Kingdom
1409
-15
🇦🇷 Lithuanians · Argentina
1401
-15
🇺🇸 Varangians · United States
1364
-13
🇲🇽 Saracens · Mexico
1279
-10
Nova_Wolf
10:33 Feudal Age
14:49 Castle Age
13:35 Double-Bit Axe
13:43 Gold Mining
16:14 Bow Saw
18:12 Herbal Medicine
18:17 Loom
20:27 Redemption
20:20 Crossbowman
21:22 Fletching
21:56 Padded Archer Armor
21:21 Elite Skirmisher
23:59 Bodkin Arrow
33:31 Imperial Age
32:14 Fortified Wall
32:15 Masonry
34:53 Bracer
SeemsFishy
10:55 Feudal Age
14:48 Castle Age
13:06 Double-Bit Axe
16:05 Bow Saw
15:37 Horse Collar
20:13 Wheelbarrow
19:27 Loom
19:28 Town Watch
21:05 Gold Mining
21:53 Hand Cart
21:53 Stone Mining
22:42 Gold Shaft Mining
23:07 Scale Mail Armor
23:18 Forging
24:13 Pikeman
25:30 Squires
30:13 Imperial Age
28:32 Chain Mail Armor
28:53 Iron Casting
28:43 Heavy Plow
29:04 Fletching
29:32 Arson
29:35 Gambesons
30:15 Halberdier
31:37 Plate Mail Armor
32:04 Conscription
32:54 Shield Wall
34:12 Hoardings
34:02 Elite Skirmisher
34:44 Padded Archer Armor
35:31 Bodkin Arrow
35:51 Leather Archer Armor
Tostadora Industrial
9:56 Feudal Age
14:21 Castle Age
12:26 Double-Bit Axe
12:51 Horse Collar
15:17 Bow Saw
18:51 Fervor
22:24 Wheelbarrow
24:16 Loom
27:16 Imperial Age
26:05 Hand Cart
27:26 Bloodlines
27:17 Husbandry
27:29 Scale Barding Armor
27:35 Forging
28:46 Chain Barding Armor
28:11 Elite Leitis
28:44 Gold Mining
31:04 Plate Barding Armor
31:05 Iron Casting
31:05 Conscription
31:29 Town Watch
33:02 Coinage
32:53 Heavy Plow
Embers1000
10:15 Feudal Age
11:19 Loom
14:41 Castle Age
12:57 Double-Bit Axe
13:34 Stone Mining
14:30 Horse Collar
20:55 Bow Saw
21:17 Scale Barding Armor
23:37 Chain Barding Armor
38:34 Wheelbarrow
Night Prowler
9:06 Loom
11:28 Feudal Age
16:15 Castle Age
17:02 Double-Bit Axe
17:09 Double-Bit Axe
17:07 Horse Collar
17:35 Horse Collar
18:08 Bow Saw
20:33 Imperial Age
18:20 Horse Collar
19:22 Heavy Plow
19:35 Bow Saw
20:15 Gold Mining
21:32 Ballistics
22:22 Chemistry
25:55 Elite Skirmisher
28:49 Heavy Plow
29:22 Padded Archer Armor
36:08 Wheelbarrow
37:19 Leather Archer Armor
Sir Dancealot
10:41 Feudal Age
14:54 Castle Age
13:24 Double-Bit Axe
13:39 Horse Collar
15:56 Bow Saw
16:53 Bow Saw
21:58 Loom
23:30 Wheelbarrow
24:50 Hand Cart
24:32 Fletching
24:41 Gold Mining
25:02 Husbandry
25:14 Bloodlines
26:30 Bodkin Arrow
27:59 Padded Archer Armor
31:21 Imperial Age
29:59 Gold Shaft Mining
29:15 Stone Mining
29:50 Ballistics
29:40 Masonry
29:56 Heavy Plow
31:47 Stone Shaft Mining
31:25 Heavy Mounted Crossbowman
31:26 Cranequins
32:17 Bracer
32:52 Leather Archer Armor
33:43 Chemistry
35:51 Conscription
37:59 Murder Holes
39:08 Hoardings
BruToO
10:43 Feudal Age
14:18 Castle Age
12:17 Horse Collar
12:42 Double-Bit Axe
16:09 Bow Saw
18:17 Wheelbarrow
19:47 Bow Saw
20:30 Loom
21:15 Heavy Plow
26:30 Imperial Age
23:57 Stone Mining
24:35 Gold Mining
25:37 Hand Cart
26:45 Stone Shaft Mining
27:07 Scale Barding Armor
27:25 Forging
27:17 Elite War Elephant
28:11 Devotion
29:05 Chain Barding Armor
29:19 Conscription
30:13 Bloodlines
30:05 Husbandry
31:11 Plate Barding Armor
32:37 Crop Rotation
36:04 Gold Shaft Mining
39:16 Hoardings
axjhbl90
10:46 Feudal Age
16:19 Castle Age
14:27 Double-Bit Axe
15:30 Gold Mining
15:57 Bloodlines
17:26 Bow Saw
18:44 Horse Collar
21:22 Stone Mining
22:03 Loom
23:49 Wheelbarrow
26:51 Scale Barding Armor
30:18 Hand Cart
34:52 Imperial Age
33:06 Fletching
34:06 Chain Barding Armor
36:13 Heavy Plow
36:50 Plate Barding Armor
36:25 Forging
35:41 Cavalier
37:30 Two-Man Saw
37:50 Conscription
38:27 Iron Casting
Connection lost

Rejoining the realm…

Still unreachable

The connection could not be restored.

Session expired

The server has moved on; the page needs a fresh start.